 Dungeon Crawl Stone Soup version 0.22.1-1-ga44c0e5 (webtiles) character file.

5574 brandon the Cleaver (level 10, -3/91 HPs)
             Began as a Minotaur Berserker on Oct 3, 2018.
             Was a High Priest of Trog.
             Slain by an orc warrior
             ... wielding a +0 halberd
              (6 damage)
             ... on level 9 of the Dungeon.
             The game lasted 00:16:53 (8698 turns).

brandon the Cleaver (Minotaur Berserker)            Turns: 8698, Time: 00:16:54

Health: -3/91      AC: 12    Str: 25    XL:     10   Next: 44%
Magic:  9/9        EV: 12    Int:  4    God:    Trog [*****.]
Gold:   325        SH:  0    Dex: 13    Spells: 9/9 levels left

rFire    + + .     SeeInvis .   n - +2 hand axe (freeze)
rCold    . . .     Gourm    .   (no shield)
rNeg     . . .     Faith    .   o - +0 chain mail {rF+}
rPois    .         Spirit   .   (helmet restricted)
rElec    .         Reflect  .   v - +0 cloak
rCorr    .         Harm     .   (no gloves)
MR       .....                  (no boots)
Stlth    ..........             (no amulet)
HPRegen  0.25/turn              A - ring of protection from fire
MPRegen  0.11/turn              t - +3 ring of strength

@: berserk cooldown, slowed, very slow
A: retaliatory headbutt, horns 2
a: Berserk, Trog's Hand, Brothers in Arms, Renounce Religion


You were on level 9 of the Dungeon.
You worshipped Trog.
Trog was extremely pleased with you.
You were very hungry.

You visited 1 branch of the dungeon, and saw 10 of its levels.

You collected 437 gold pieces.
You spent 112 gold pieces at shops.

Inventory:

Hand Weapons
 n - a +2 hand axe of freezing (weapon)
 I - a +1 antimagic hand axe
Missiles
 K - 7 javelins of returning (quivered)
Armour
 o - a +0 chain mail of fire resistance (worn)
 v - a +0 cloak (worn)
Jewellery
 f - an uncursed ring of ice
 t - a +3 ring of strength (right hand)
 A - a ring of protection from fire (left hand)
Wands
 g - a wand of polymorph (9)
 r - a wand of digging (12)
 E - a wand of scattershot (3)
 H - a wand of disintegration (14)
 J - a wand of clouds (6)
Scrolls
 d - 3 scrolls of enchant weapon {unknown}
 e - 4 scrolls of blinking
 j - 2 scrolls of noise {unknown}
 k - 8 scrolls of remove curse
 m - 7 scrolls of teleportation
 p - 2 scrolls of random uselessness {unknown}
 s - a scroll of immolation {unknown}
 u - 5 scrolls of amnesia
 w - 6 scrolls of identify
 x - a scroll of silence {unknown}
 y - 2 scrolls of enchant armour {unknown}
 C - 2 scrolls of magic mapping {unknown}
 D - 2 scrolls of fear {unknown}
 F - a scroll of fog {unknown}
Potions
 a - a potion of flight {unknown}
 b - a potion of magic {unknown}
 h - a potion of berserk rage {unknown}
 i - 6 potions of curing
 l - 2 potions of lignification
 q - 2 potions of might
 z - 3 potions of heal wounds {unknown}
 B - a potion of ambrosia {unknown}
Comestibles
 c - 16 rations
 G - 3 chunks of flesh


   Skills:
 + Level 9.3 Fighting
 * Level 12.1 Axes
 + Level 8.7 Armour
 + Level 7.9 Dodging


You had 9 spell levels left.
You didn't know any spells.
Your spell library contained the following spells:

 Spells                   Type           Power        Failure   Level  Hunger
 Magic Dart               Conj           #...         97%         1    ##.....
 Shock                    Conj/Air       #...         97%         1    ##.....
 Searing Ray              Conj           #.....       99%         2    ###....
 Swiftness                Chrm/Air       #.......     99%         2    ###....
 Dazzling Spray           Conj/Hex       #.....       100%        3    ####...
 Static Discharge         Conj/Air       #.......     100%        3    ####...
 Airstrike                Air            #.........   100%        4    #####..
 Force Lance              Conj/Tloc      #.......     100%        4    #####..
 Fulminant Prism          Conj/Hex       #.........   100%        4    #####..
 Iskenderun's Mystic Bla  Conj           #.......     100%        4    #####..
 Lightning Bolt           Conj/Air       #.........   100%        5    ######.


Dungeon Overview and Level Annotations

Branches:
Dungeon (10/15)            Temple (0/1) D:6
   Lair: D:8-11         Orc: D:9-12

Altars:
Ashenzari
Okawaru
Qazlal
Vehumet
Xom
Zin
The Shining One
Beogh

Shops:
D:6 ?%%%

Annotations:
D:5 1 runed door, TotesWizzard's ghost, novice MfGl


Innate Abilities, Weirdness & Mutations

You reflexively headbutt those who attack you in melee.
You have a pair of horns on your head.


Message History

There is a stone staircase leading up, spattered with blood here.
Items here: ) [[ †† a leather armour; a dagger; a robe; a worker ant corpse; an orc corpse The orc is engulfed in noxious fumes.
The orc appears confused.
The crimson imp blinks!
The orc warrior closely misses you.
The orc is engulfed in noxious fumes.
The orc appears confused.
The orc gestures wildly.
You climb upwards.
There is a stone staircase leading down here.
You slash the crimson imp! You freeze the crimson imp.
You headbutt the crimson imp.
You kill the crimson imp!
Trog accepts your kill.
You hit the orc warrior. You freeze the orc warrior.
The orc warrior hits you with a halberd!
* * * LOW HITPOINT WARNING * * *
You slash the orc warrior! You freeze the orc warrior.
The orc warrior is almost dead.
The orc warrior hits you with a halberd.
You die...

##### #...# ###._.# #########
######### ..#.).# #.......#
#........ ..##'#######.......####
#........
.......#...'.......'..###........
....8....###.......##..##........
.......### #...o@..###..#........
.......# #....>..# ##.'........
....#### #.......# ###........
....# #.......# #........ #####
####'#### #........ # #...#
#####..## #### ##.##### ####...
...# #......# #######[.....
##'#### #......###..((.)).....


You could see an orc warrior.

Vanquished Creatures
  A hippogriff (D:7)
  2 wyverns
  A hungry ghost (D:10)
  5 yaks (D:9)
  Grum (D:9)
  An acid dragon (D:8)
  2 orc warriors
  A sky beast (D:5)
  2 phantoms
  A black bear (D:6)
  5 ogres
  2 ice beasts
  4 wolves (D:9)
  3 centaurs
  A big kobold (D:7)
  4 bullfrogs
  Blork the orc (D:4)
  A wyvern zombie (D:6)
  A scorpion (D:8)
  6 killer bees (D:6)
  3 wights (D:9)
  9 crimson imps
  2 jellies
  5 orc wizards
  3 hounds
  8 orc priests
  A centaur skeleton (D:10)
  An iguana (D:8)
  9 worker ants
  2 hound skeletons (D:4)
  2 howler monkey zombies
  11 gnolls
  9 adders
  An adder zombie (D:5)
  A worm (D:2)
  An adder skeleton (D:9)
  5 leopard geckos
  27 orcs
  4 bats
  5 giant cockroaches
  6 goblins
  5 hobgoblins
  12 jackals
  6 quokkas
  5 frilled lizards
  8 kobolds
  A leopard gecko skeleton (D:6)
  3 rats
200 creatures vanquished.

Vanquished Creatures (others)
  An orc (D:10)
1 creature vanquished.

Grand Total: 201 creatures vanquished

Notes
Turn   | Place    | Note
-------+----------+-------------------------------------------
     0 | D:1      | brandon the Minotaur Berserker began the quest for the Orb.
     0 | D:1      | Reached XP level 1. HP: 19/19 MP: 0/0
   191 | D:1      | Reached XP level 2. HP: 26/27 MP: 1/1
   398 | D:1      | Reached skill level 4 in Axes
   482 | D:2      | Found a faded altar of an unknown god.
   641 | D:2      | Found a radiant altar of Vehumet.
   652 | D:2      | Reached ** piety under Trog
   656 | D:2      | Reached XP level 3. HP: 26/33 MP: 2/2
   676 | D:2      | Found a stormy altar of Qazlal.
  1836 | D:3      | Reached XP level 4. HP: 21/41 MP: 3/3
  2535 | D:3      | Reached skill level 5 in Axes
  2911 | D:4      | Reached XP level 5. HP: 44/47 MP: 4/4
  2943 | D:4      | Noticed Blork the orc
  2948 | D:4      | Reached skill level 5 in Fighting
  2955 | D:4      | Killed Blork the orc
  2955 | D:4      | Reached XP level 6. HP: 56/56 MP: 5/5
  3355 | D:4      | Reached skill level 6 in Axes
  3474 | D:4      | Found a shimmering altar of Xom.
  3474 | D:4      | Found an iron altar of Okawaru.
  3474 | D:4      | Found a glowing silver altar of Zin.
  3753 | D:5      | Entered Level 5 of the Dungeon
  3884 | D:5      | Reached *** piety under Trog
  3937 | D:5      | Noticed a sky beast
  3963 | D:5      | Killed a sky beast
  3963 | D:5      | Reached XP level 7. HP: 37/61 MP: 6/6
  4194 | D:5      | Reached skill level 7 in Axes
  4237 | D:5      | Found a runed door.
  4240 | D:5      | Noticed TotesWizzard's ghost (novice MfGl)
  4513 | D:6      | Reached skill level 5 in Armour
  4646 | D:6      | Found a staircase to the Ecumenical Temple.
  4711 | D:6      | Found Nijuer's Magic Scroll Shoppe.
  4725 | D:6      | Bought a scroll of remove curse for 42 gold pieces
  4725 | D:6      | Bought a scroll of identify for 28 gold pieces
  4725 | D:6      | Bought a scroll of teleportation for 42 gold pieces
  4804 | D:6      | Reached skill level 8 in Axes
  4804 | D:6      | Reached skill level 5 in Dodging
  4804 | D:6      | Reached XP level 8. HP: 47/71 MP: 7/7
  5333 | D:6      | Found Diuci's Food Boutique.
  5356 | D:6      | Found Ogreth Zusa's Food Boutique.
  5383 | D:6      | Found a glowing golden altar of the Shining One.
  5451 | D:6      | Reached **** piety under Trog
  5489 | D:6      | Reached skill level 9 in Axes
  5571 | D:6      | Found Doki's Food Boutique.
  6017 | D:7      | Reached XP level 9. HP: 44/79 MP: 8/8
  6452 | D:7      | Reached skill level 10 in Axes
  7334 | D:8      | Found a shattered altar of Ashenzari.
  7618 | D:9      | Reached skill level 11 in Axes
  7621 | D:9      | Reached XP level 10. HP: 32/90 MP: 9/9
  8257 | D:9      | Reached ***** piety under Trog
  8372 | D:9      | Noticed Grum
  8376 | D:9      | Received a gift from Trog
  8382 | D:9      | Killed Grum
  8539 | D:9      | Found a roughly hewn altar of Beogh.
  8660 | D:10     | Entered Level 10 of the Dungeon
  8660 | D:10     | Found a shimmering altar of Xom.
  8674 | D:10     | Reached skill level 12 in Axes
  8697 | D:9      | HP: 3/91 [orc warrior/halberd (9)]
  8698 | D:9      | Slain by an orc warrior

Skill      XL: |  1  2  3  4  5  6  7  8  9 10 |
---------------+-------------------------------+-----
Fighting       | 4 5 6 7 8 9 |  9.3
Axes           | 4 5 6 8 9 11 12 | 12.1
Armour         | 3 4 5 6 8 |  8.7
Dodging        | 3 4 5 6 7 |  7.9

Action                   |  1- 3 |  4- 6 |  7- 9 | 10-12 || total
-------------------------+-------+-------+-------+-------++-------
Melee: Hand axe          |    93 |    65 |   292 |    59 ||   509
       Headbutt          |    14 |    14 |    59 |    10 ||    97
Invok: Berserk           |     3 |     2 |     5 |     3 ||    13
  Use: Scroll            |       |       |     4 |       ||     4
 Stab: Sleeping          |     1 |       |       |       ||     1
  Eat: Chunk             |     4 |    10 |     9 |     7 ||    30
       Ration            |       |       |     2 |       ||     2
Armor: Animal skin       |    14 |     1 |       |       ||    15
       Chain mail        |       |    17 |   138 |    27 ||   182
Dodge: Dodged            |    73 |    22 |   182 |    36 ||   313
